Map: Blackrock LE

Players

Coil - Winner!

  • Race: Zerg Zerg
  • Spawn Location: 1:00

A.I. 1 (Very Easy)

  • Race: Protoss Protoss
  • Spawn Location: 7:00

VOD

Have the link to the VOD?

Description

Time

  • Played on: July 2, 2026, 9:39 a.m.
  • Length: 10:03
Show
View Real Time Build Order
Export as new Build Order

Coil Zerg - Winner!

Build Orders: Hatch First 

Get SALT Encoding   

  8  0:00  Drone  
  9  0:16  Drone x2  
  11  0:22  Drone  
  12  0:37  Overlord  
  12  0:51  Extractor  
  12  0:52  Drone  
  13  1:00  Drone  
  13  1:01  Drone  
  15  1:19  Hatchery  
  15  1:23  Drone x2  
  16  1:26  Drone  
  17  1:35  Drone  
  18  1:40  Extractor  
  17  1:50  Spawning Pool  
  17  1:52  Drone  
  17  1:57  Drone  
  18  2:05  Drone  
  19  2:15  Overlord  
  19  2:26  Drone  
  20  2:38  Queen x2  
  20  2:40  Drone x2  
  20  2:43  Drone  
  27  2:51  Zergling x2  
  28  2:53  Overlord  
  28  3:02  Drone x2  
  30  3:08  Metabolic Boost  
  30  3:17  Drone x2  
  30  3:18  Drone  
  33  3:32  Drone  
  33  3:33  Hatchery  
  33  3:39  Overlord  
  33  4:04  Drone x3  
  33  4:08  Drone x5  
  33  4:09  Queen  
  41  4:11  Queen  
  41  4:15  Spore Crawler  
  44  4:17  Spore Crawler  
  43  4:43  Drone  
  43  4:44  Drone x3  
  47  4:46  Overlord  
  47  4:48  Drone  
  47  4:49  Drone x2  
  50  4:58  Queen  
  52  5:35  Drone x3  
  55  5:37  Overlord  
  55  5:39  Drone  
  55  5:40  Drone x2  
  55  5:41  Drone x2  
  55  5:42  Overlord  
  60  5:57  Drone x4  
  60  5:58  Drone x4  
  60  6:00  Overlord x2  
  68  6:08  Lair  
  68  6:09  Extractor  
  67  6:15  Extractor  
  66  6:21  Roach Warren  
  66  6:23  Extractor  
  64  6:30  Evolution Chamber  
  63  6:35  Drone  
  63  6:36  Drone x2  
  63  6:38  Drone  
  67  6:40  Overlord x2  
  67  6:46  Drone  
  68  6:47  Drone x5  
  68  6:51  Drone  
  68  6:52  Drone x5  
  79  6:57  Overlord x2  
  79  6:58  Overlord  
  79  7:05  Zergling x2  
  79  7:06  Zergling x12  
  86  7:14  Glial Reconstitution  
  86  7:16  Zerg Ground Armor Level 1  
  86  7:19  Drone  
  86  7:20  Drone x6  
  93  7:31  Extractor  
  93  7:32  Extractor  
  90  7:57  Overlord  
  90  7:58  Overlord x4  
  90  8:00  Overlord  
  90  8:01  Overlord x6  
  90  8:17  Evolution Chamber  
  89  8:21  Roach  
  89  8:22  Roach x5  
  101  8:35  Roach  
  101  8:36  Roach x7  
  101  8:40  Roach  
  101  8:41  Roach x5  
  127  9:03  Roach x2  
  127  9:04  Roach x4  
  139  9:23  Roach x8  
  139  9:24  Roach  
Show
View Real Time Build Order
Export as new Build Order

A.I. 1 (Very Easy) Protoss 

Build Orders:  

Get SALT Encoding   

  8  0:00  Probe  
  9  0:13  Probe  
  10  0:25  Probe  
  11  0:37  Probe  
  12  0:48  Pylon  
  12  0:49  Probe  
  13  1:02  Probe  
  13  1:06  Assimilator  
  14  1:12  Gateway  
  14  1:15  Pylon  
  14  1:46  Assimilator  
  14  1:54  Probe  
  14  2:01  Cybernetics Core, Zealot  
  15  2:03  Probe  
  18  2:11  Probe  
  19  2:21  Probe  
  19  2:29  Warp Gate  
  20  2:33  Probe  
  20  2:34  Pylon  
  21  2:45  Probe  
  22  3:12  Stalker  
  24  4:43  Probe  
  24  6:38  Probe  
  24  7:11  Probe  
  24  7:12  Adept  
  24  7:15  Robotics Facility  
  27  7:20  Nexus  
  27  7:23  Probe  
  27  7:27  Pylon  
  28  7:35  Probe  
  29  7:47  Probe  
  26  7:59  Probe  
  26  8:02  Observer  
  28  8:08  Stalker  
  28  8:12  Probe  
  31  8:20  Observer  
  32  8:32  Probe  
  33  8:40  Probe  
  34  8:43  Probe  
  34  8:44  Assimilator  
  34  8:46  Assimilator  
  35  8:49  Stalker  
  35  8:55  Probe  
  34  9:02  Probe  
  26  9:09  Probe  
  25  9:16  Probe  
  29  9:24  Pylon  
  29  9:25  Probe  
  30  9:33  Probe  
  29  9:42  Probe  
Tags
 
Matchup
PvZ
Spawn Locations
Cross Positions
Add a new tag
Caveats
  • Supply blocks, unpowered buildings, or Contaminate may cause inaccurate times.
  • Supply counts are checked every 10 seconds.